 Dungeon Crawl Stone Soup version 0.28.0-47-ge53b351184 (webtiles) character file.

Game seed: 11046025093883789592

24 joe1234567 the Firebug (level 3, 12/20 HPs)
             Began as a Vine Stalker Cinder Acolyte on May 8, 2022.
             Was a High Priest of Ignis.
             Quit the game on level 1 of the Dungeon.
             The game lasted 00:02:46 (473 turns).

joe1234567 the Firebug (Vine Stalker Cinder Acolyte) Turns: 473, Time: 00:02:48

Health: 12/20      AC:  8    Str: 16    XL:     3   Next: 2%
Magic:  5/5        EV: 10    Int: 16    God:    Ignis [*****.]
Gold:   10         SH:  0    Dex:  9    Spells: 4/4 levels left

rFire   + . .      SeeInvis .   f - +4 spear
rCold   . . .      Faith    .   (no shield)
rNeg    . . .      Spirit   +   d - +0 ring mail
rPois   .          Reflect  .   (no helmet)
rElec   .          Harm     .   (no cloak)
rCorr   .          Rampage  .   c - +2 pair of gloves
Will    .....                   (no boots)
Stlth   ..........              (no amulet)
HPRegen 0.06/turn               (no ring)
MPRegen 0.09/turn               (no ring)

@: no status effects
A: fangs 2, magic shield, antimagic bite, no potion heal 2
a: Renounce Religion, Fiery Armour, Foxfire Swarm, Rising Flame


You were on level 1 of the Dungeon.
You worshipped Ignis.
Ignis was extremely pleased with you.
You visited 1 branch of the dungeon, and saw 1 of its levels.

You collected 10 gold pieces.

Inventory:

Hand Weapons
 a - a -1 falchion of flaming
 f - a +4 spear (weapon)
Armour
 b - a +0 robe
 c - a +2 pair of gloves (worn)
 d - a +0 ring mail (worn)
Scrolls
 e - a scroll of identify {unknown}
 g - a scroll of vulnerability {unknown}
Potions
 h - a potion of berserk rage {unknown}
 i - a potion of curing {unknown}


   Skills:
 + Level 3.2 Fighting
 + Level 3.1 Long Blades
 + Level 1.1 Spellcasting
 + Level 3.2 Fire Magic


You had 4 spell levels left.
You didn't know any spells.
Your spell library contained the following spells:

 Spells                   Type           Power      Damage    Failure   Level
 Scorch                   Fire           22%        2d6       19%         2


Dungeon Overview and Level Annotations

Branches:
Dungeon (1/15)

Altars:


Innate Abilities, Weirdness & Mutations

You have extremely sharp teeth.
When hurt, damage is shared between your health and your magic reserves.
Your bite disrupts and absorbs the magic of your enemies.
Potions cannot restore your health.


Message History

The dart slug launches a dart at you. The slug dart hits you.
The giant cockroach barely misses you. The dart slug launches a dart at you.
The slug dart hits you. The giant cockroach barely misses you.
The giant cockroach closely misses you.
You hit the giant cockroach.
You kill the giant cockroach!
Your Long Blades skill increases to level 3!
The dart slug launches a dart at you.
The slug dart hits you but does no damage.
You see here a giant cockroach corpse.
You hit the dart slug. You bite the dart slug. You drain its power.
The dart slug is severely wounded.
The dart slug bites you.
You hit the dart slug.
The dart slug is almost dead.
The dart slug barely misses you.
You puncture the dart slug!
You kill the dart slug!
Found 20 arrows.
You see here a staff of conjuration.
Found 2 scrolls labelled WUROSK FIMIU.
The dart slug launches a dart at you. The slug dart hits you.
You see here a staff of conjuration.
The dart slug bites you but does no damage.
You see here a giant cockroach corpse.
You hit the dart slug. You bite the dart slug. You drain its power.
You feel invigorated.
The dart slug is heavily wounded.
The dart slug misses you.
You puncture the dart slug!
You kill the dart slug!
You have reached level 3!
Your experience leads to an increase in your attributes!
Increase (S)trength, (I)ntelligence, or (D)exterity?
You feel clever. x2
You see here a staff of conjuration.
Are you sure you want to abandon this character and quit the game? (Confirm with "yes".)

#.#.#
#..#.#....##
#.#.#
#..........#
#...
##.#.##...##
#..#
#.#.....†..
#..#
#.#####.###
#..######.#
#.# #
#.........#
#+# #
##†######## #
#@# # #.#
#.......#
..?..........
####.#.....###
#.#...(##
#.....## #
##.## .#


There were no monsters in sight!

Vanquished Creatures
  2 dart slugs (D:1)
  A ball python (D:1)
  2 endoplasms (D:1)
  4 giant cockroaches (D:1)
  2 hobgoblins (D:1)
  2 kobolds (D:1)
  4 bats (D:1)
  A rat (D:1)
18 creatures vanquished.

Vanquished Creatures (others)
  A fungus (D:1)
  4 plants (D:1)
5 creatures vanquished.

Grand Total: 23 creatures vanquished

Notes
Turn   | Place    | Note
-------+----------+-------------------------------------------
     0 | D:1      | joe1234567 the Vine Stalker Cinder Acolyte began the quest
                  | for the Orb.
     0 | D:1      | Reached XP level 1. HP: 11/11 MP: 3/3
   203 | D:1      | Found a faded altar of an unknown god.
   292 | D:1      | Reached XP level 2. HP: 16/16 MP: 4/4
   472 | D:1      | Reached XP level 3. HP: 12/20 MP: 5/5
   473 | D:1      | Quit the game

Illustrated notes

Levels and vault maps discovered:
D:1:      dpeg_arrival_prison, layout_loops_corners,
          shapermc_ecumenical_altar_acropolis, chequers_serial_rivers_room_a

Skill      XL: |  1  2 |
---------------+-------+-----
Fighting       | 3 |  3.2
Long Blades    | 3 |  3.1
Spellcasting   | |  1.1
Fire Magic     | |  3.2

Action                   || total
-------------------------++-------
Melee: Falchion          ||    31
       Bite              ||     8
       Punch             ||     3
       Spear             ||    18
Armor: Ring mail         ||    55
Dodge: Dodged            ||    72
